TOP OF THE 1ST |
Maryland Terrapins batting - Pitching for Washington State Cougars : RHP Ron Durkin
|
Pitching: RHP Ron Durkin
|
|
Batting: SHB Philippe Paquin
|
0-0: Swinging Strike 0-1: Ball 1-1: Swinging Strike 1-2: Foul Ball, location: 2F 1-2: Foul Ball, location: 2F 1-2: Strikes out swinging
|
Batting: LHB Winston Roberts
|
0-0: Reaches on Catchers interference
|
Batting: SHB Will Allen
|
0-0: Foul Ball, location: 2F 0-1: Ball 1-1: Ball 2-1: Ball 3-1: SINGLE (Groundball, 6D) Winston Roberts to second
|
Batting: RHB Jeff O'Day
|
0-0: Foul Ball, location: 2F 0-1: Foul Ball, location: 2F 0-2: Strikes out looking
|
Batting: RHB José Lazu
|
0-0: Fielders Choice at 2nd, 6-4 (Groundball, 6)
|
Top of the 1st over - 0 runs, 1 hit, 1 error, 2 left on base; Maryland 0 - Washington State 0 |
BOTTOM OF THE 1ST |
Washington State Cougars batting - Pitching for Maryland Terrapins : RHP Jeremiah Clark
|
Pitching: RHP Jeremiah Clark
|
|
Batting: LHB Sergio Molina
|
0-0: Ball 1-0: Foul Ball, location: 2F 1-1: Ground out 1-3 (Groundball, P)
|
Batting: RHB Riley Lewis
|
0-0: Ball 1-0: Called Strike 1-1: Swinging Strike 1-2: Foul Ball, location: 2F 1-2: Strikes out swinging
|
Batting: RHB Jesse Pérez
|
0-0: Called Strike 0-1: Swinging Strike 0-2: Strikes out looking
|
Bottom of the 1st over - 0 runs, 0 hits, 0 errors, 0 left on base; Maryland 0 - Washington State 0 |
TOP OF THE 2ND |
Maryland Terrapins batting - Pitching for Washington State Cougars : RHP Ron Durkin
|
Batting: LHB Charlie Johnston
|
0-0: Called Strike 0-1: Ground out 6-3 (Groundball, 6)
|
Pitching: RHP David Hicken
|
|
Batting: RHB Kris Brown
|
0-0: Ball 1-0: Ball 2-0: Called Strike 2-1: Ball 3-1: Base on Balls
|
Batting: RHB Les McCarty
|
0-0: Foul Ball, location: 2F 0-1: Ball 1-1: SINGLE (Groundball, 6MD) Kris Brown to second Runner from 2nd tries for 3rd, OUT!
|
Batting: RHB Ben Barnes
|
0-0: Ball Les McCarty steals 2nd base 1-0: 2-RUN HOME RUN (Flyball, 7LD), Distance : 323 ft
|
Batting: SHB Philippe Paquin
|
0-0: Ball 1-0: Ball 2-0: Hit by Pitch, AND HE CHARGES THE MOUND! The benches clear!
|
Pitching: RHP Rob Engle
|
|
Pinch Runner at 1st Mike Weeks:
|
|
Batting: LHB Winston Roberts
|
0-0: Ball Throwing error on steal attempt, E2 Mike Weeks to third 1-0: Ball 2-0: Ball 3-0: Called Strike 3-1: Foul Ball, location: 2F 3-2: Base on Balls
|
Batting: SHB Will Allen
|
0-0: Called Strike 0-1: Foul Ball, location: 2F 0-2: 3-RUN HOME RUN (Flyball, 9LD), Distance : 325 ft
|
Batting: RHB Jeff O'Day
|
0-0: SINGLE (Line Drive, 6MD)
|
Batting: RHB José Lazu
|
0-0: Ball 1-0: Ball 2-0: Ball 3-0: Called Strike 3-1: Foul Ball, location: 2F 3-2: Strikes out looking
|
Top of the 2nd over - 5 runs, 4 hits, 1 error, 1 left on base; Maryland 5 - Washington State 0 |
BOTTOM OF THE 2ND |
Washington State Cougars batting - Pitching for Maryland Terrapins : RHP Jeremiah Clark
|
Now in CF: Mike Weeks
|
|
Batting: LHB Bob Hayes
|
0-0: Ball 1-0: Called Strike 1-1: Ball 2-1: Ball 3-1: Fly out, F7 (Flyball, 7S)
|
Batting: RHB Joe Lowe
|
0-0: Ball 1-0: SINGLE (Groundball, 34D)
|
Batting: RHB Ernest Richter
|
0-0: Ball 1-0: Called Strike 1-1: Swinging Strike 1-2: Foul Ball, location: 2F 1-2: Foul Ball, location: 2F 1-2: Fly out, F8 (Flyball, 8LS)
|
Pitching: RHP Nicholas Wright
|
|
Batting: RHB Alfonso Sánchez
|
0-0: Called Strike 0-1: Ball 1-1: Ground out U3 (Groundball, 3)
|
Bottom of the 2nd over - 0 runs, 1 hit, 0 errors, 1 left on base; Maryland 5 - Washington State 0 |
TOP OF THE 3RD |
Maryland Terrapins batting - Pitching for Washington State Cougars : RHP Rob Engle
|
Batting: LHB Charlie Johnston
|
0-0: Foul Ball, location: 2F 0-1: Ball 1-1: Called Strike 1-2: Ball 2-2: Strikes out swinging
|
Batting: RHB Kris Brown
|
0-0: Foul Ball, location: 2F 0-1: Foul Ball, location: 2F 0-2: Ball 1-2: Strikes out swinging
|
Batting: RHB Les McCarty
|
0-0: Called Strike 0-1: Foul Ball, location: 2F 0-2: Ground out 6-3 (Groundball, 6S)
|
Top of the 3rd over - 0 runs, 0 hits, 0 errors, 0 left on base; Maryland 5 - Washington State 0 |
BOTTOM OF THE 3RD |
Washington State Cougars batting - Pitching for Maryland Terrapins : RHP Nicholas Wright
|
Batting: LHB Andrew Guerrero
|
0-0: Fly out, F8 (Flyball, 8RD)
|
Batting: RHB Charlie Owens
|
0-0: Swinging Strike 0-1: Swinging Strike 0-2: Ball 1-2: Foul Ball, location: 2F 1-2: Strikes out swinging
|
Batting: LHB Sergio Molina
|
0-0: Ball 1-0: Called Strike 1-1: Foul Ball, location: 2F 1-2: Fly out, F8 (Flyball, 8RS)
|
Bottom of the 3rd over - 0 runs, 0 hits, 0 errors, 0 left on base; Maryland 5 - Washington State 0 |
TOP OF THE 4TH |
Maryland Terrapins batting - Pitching for Washington State Cougars : RHP Rob Engle
|
Batting: RHB Ben Barnes
|
0-0: Foul Ball, location: 2F 0-1: Ground out 6-3 (Groundball, 6)
|
Batting: RHB Mike Weeks
|
0-0: Foul Ball, location: 2F 0-1: Ball 1-1: Ball 2-1: Ball 3-1: Base on Balls
|
Batting: LHB Winston Roberts
|
0-0: Ball 1-0: Ball Throwing error on steal attempt, E2 Mike Weeks to third 2-0: Ball 3-0: Base on Balls
|
Batting: SHB Will Allen
|
0-0: Ball Winston Roberts is caught stealing 2nd base 1-0: Called Strike 1-1: Ball 2-1: Called Strike 2-2: Ball 3-2: Base on Balls
|
Batting: RHB Jeff O'Day
|
0-0: Ball 1-0: Ball 2-0: Called Strike 2-1: Ball 3-1: Ground out 4-3 (Groundball, 4M)
|
Top of the 4th over - 0 runs, 0 hits, 1 error, 2 left on base; Maryland 5 - Washington State 0 |
BOTTOM OF THE 4TH |
Washington State Cougars batting - Pitching for Maryland Terrapins : RHP Nicholas Wright
|
Batting: RHB Riley Lewis
|
0-0: Ball 1-0: Called Strike 1-1: SOLO HOME RUN (Flyball, 78XD) (Inside the Park)
|
Batting: RHB Jesse Pérez
|
0-0: Called Strike 0-1: Ball 1-1: Swinging Strike 1-2: Ball 2-2: Strikes out looking and he ARGUES THE CALL AND IS TOSSED!
|
Batting: LHB Bob Hayes
|
0-0: Fly out, F2 (Popup, 2RF)
|
Batting: RHB Joe Lowe
|
0-0: SINGLE (Flyball, 8RS)
|
Batting: RHB Ernest Richter
|
0-0: DOUBLE (Line Drive, 8RXD) Joe Lowe to third Runner from 3rd tries for Home, SAFE, no throw
|
Batting: RHB Alfonso Sánchez
|
0-0: Ball 1-0: SINGLE (Line Drive, 9S) Ernest Richter to third Runner from 3rd tries for Home, SAFE, no throw
|
Pitching: LHP Eugene Hernández
|
|
Batting: LHB Andrew Guerrero
|
0-0: Ground out 3-1 (Groundball, 34)
|
Bottom of the 4th over - 3 runs, 4 hits, 0 errors, 1 left on base; Maryland 5 - Washington State 3 |
TOP OF THE 5TH |
Maryland Terrapins batting - Pitching for Washington State Cougars : RHP Rob Engle
|
Now in LF: Jorge Castaneda
|
|
Batting: RHB José Lazu
|
0-0: Ball 1-0: Foul Ball, location: 2F 1-1: Swinging Strike 1-2: Foul Ball, location: 2F 1-2: Strikes out swinging
|
Batting: LHB Charlie Johnston
|
0-0: Swinging Strike 0-1: Swinging Strike 0-2: Strikes out swinging
|
Batting: RHB Kris Brown
|
0-0: Ball 1-0: Ball 2-0: Called Strike 2-1: Fly out, F7 (Flyball, 7S)
|
Top of the 5th over - 0 runs, 0 hits, 0 errors, 0 left on base; Maryland 5 - Washington State 3 |
BOTTOM OF THE 5TH |
Washington State Cougars batting - Pitching for Maryland Terrapins : LHP Eugene Hernández
|
Batting: RHB Charlie Owens
|
0-0: SOLO HOME RUN (Flyball, 7D), Distance : 359 ft
|
Batting: LHB Sergio Molina
|
0-0: Ball 1-0: Foul Ball, location: 2F 1-1: Called Strike 1-2: Fly out, F7 (Flyball, 7LMF)
|
Batting: RHB Riley Lewis
|
0-0: Called Strike 0-1: Called Strike 0-2: SOLO HOME RUN (Flyball, 7LD), Distance : 340 ft
|
Batting: SHB Jorge Castaneda
|
0-0: Ball 1-0: Ball 2-0: Ball 3-0: Called Strike 3-1: SINGLE (Flyball, 89M)
|
Batting: LHB Bob Hayes
|
0-0: Ball 1-0: Called Strike 1-1: Ball 2-1: Fly out, F5 (Popup, 5F)
|
Batting: RHB Joe Lowe
|
0-0: Called Strike 0-1: Called Strike 0-2: Strikes out swinging
|
Bottom of the 5th over - 2 runs, 3 hits, 0 errors, 1 left on base; Maryland 5 - Washington State 5 |
TOP OF THE 6TH |
Maryland Terrapins batting - Pitching for Washington State Cougars : RHP Rob Engle
|
Pitching: LHP Glenn O'Rourke
|
|
Batting: RHB Les McCarty
|
0-0: Called Strike 0-1: Ball 1-1: Ball 2-1: Ball 3-1: Called Strike 3-2: Base on Balls
|
Batting: RHB Ben Barnes
|
0-0: SINGLE (Flyball, 89M) Les McCarty to second
|
Batting: RHB Mike Weeks
|
0-0: SINGLE (Groundball, 56) Les McCarty to third Ben Barnes to second Runner from 3rd tries for Home, SAFE, no throw
|
Pinch Runner at 2nd Michael Wilson:
|
|
Batting: LHB Winston Roberts
|
0-0: SINGLE (Groundball, 6D) Michael Wilson to third Mike Weeks to second Runner from 3rd tries for Home, SAFE, no throw
|
Pitching: RHP Juan Domínguez
|
|
Batting: SHB Will Allen
|
0-0: Ball 1-0: SINGLE (Groundball, 4) (infield hit) Mike Weeks to third Winston Roberts to second
|
Batting: RHB Jeff O'Day
|
0-0: Ball 1-0: Foul Ball, location: 2F 1-1: Foul Ball, location: 2F 1-2: Ball 2-2: Foul Ball, location: 2F 2-2: Foul Ball, location: 2F 2-2: Ball 3-2: Fly out, F3 (Popup, 3F)
|
Batting: RHB José Lazu
|
0-0: Foul Ball, location: 2F 0-1: SINGLE (Line Drive, 56D) Mike Weeks scores Winston Roberts to third Will Allen to second
|
Batting: LHB Charlie Johnston
|
0-0: Called Strike 0-1: Ball 1-1: Ball 2-1: Foul Ball, location: 2F 2-2: Ball 3-2: Grounds into fielders choice 3-2 (Groundball, 34S) Will Allen to third José Lazu to second
|
Batting: RHB Kris Brown
|
0-0: Swinging Strike 0-1: Ball 1-1: Ball 2-1: Foul Ball, location: 2F 2-2: Strikes out swinging
|
Top of the 6th over - 3 runs, 5 hits, 0 errors, 3 left on base; Maryland 8 - Washington State 5 |
BOTTOM OF THE 6TH |
Washington State Cougars batting - Pitching for Maryland Terrapins : LHP Eugene Hernández
|
Now in RF: Michael Wilson
|
|
Batting: RHB Ernest Richter
|
0-0: Called Strike 0-1: Swinging Strike 0-2: Strikes out swinging
|
Batting: RHB Alfonso Sánchez
|
0-0: Hit by Pitch
|
Batting: LHB Andrew Guerrero
|
0-0: Foul Ball, location: 2F 0-1: Ball 1-1: Ball 2-1: Foul Ball, location: 2F 2-2: Foul Ball, location: 2F 2-2: Ball 3-2: DOUBLE (Groundball, 3L) Alfonso Sánchez to third Alfonso Sánchez scores
|
Pitching: LHP John Peters
|
|
Batting: RHB Charlie Owens
|
0-0: Ball 1-0: Ground out 5-3 (Groundball, 56S) Andrew Guerrero to third
|
Batting: LHB Sergio Molina
|
0-0: Called Strike 0-1: Ball 1-1: Foul Ball, location: 2F 1-2: Strikes out swinging
|
Bottom of the 6th over - 1 run, 1 hit, 0 errors, 1 left on base; Maryland 8 - Washington State 6 |
TOP OF THE 7TH |
Maryland Terrapins batting - Pitching for Washington State Cougars : RHP Juan Domínguez
|
Batting: RHB Les McCarty
|
0-0: Foul Ball, location: 2F 0-1: Foul Ball, location: 2F 0-2: Foul Ball, location: 2F 0-2: Ball 1-2: Ball 2-2: Strikes out swinging
|
Batting: LHB Michael Wilson
|
0-0: Ball 1-0: Ball 2-0: Called Strike 2-1: Ball 3-1: Base on Balls
|
Batting: RHB Mike Weeks
|
0-0: Called Strike Michael Wilson steals 2nd base 0-1: Called Strike Michael Wilson is caught stealing 3rd base 0-2: Ground out 4-3 (Groundball, 4M)
|
Top of the 7th over - 0 runs, 0 hits, 0 errors, 0 left on base; Maryland 8 - Washington State 6 |
BOTTOM OF THE 7TH |
Washington State Cougars batting - Pitching for Maryland Terrapins : LHP John Peters
|
Batting: RHB Riley Lewis
|
0-0: Fly out, F6 (Flyball, 56D)
|
Batting: SHB Jorge Castaneda
|
0-0: Ball 1-0: Fly out, F9 (Flyball, 89M)
|
Batting: LHB Bob Hayes
|
0-0: Called Strike 0-1: Ball 1-1: Foul Ball, location: 2F 1-2: Fly out, F5 (Line Drive, 56S)
|
Bottom of the 7th over - 0 runs, 0 hits, 0 errors, 0 left on base; Maryland 8 - Washington State 6 |
TOP OF THE 8TH |
Maryland Terrapins batting - Pitching for Washington State Cougars : RHP Juan Domínguez
|
Batting: LHB Winston Roberts
|
0-0: Ball 1-0: Swinging Strike 1-1: Foul Ball, location: 2F 1-2: Foul Ball, location: 2F 1-2: Ground out 5-3 (Groundball, 56S)
|
Batting: SHB Will Allen
|
0-0: Ball 1-0: Swinging Strike 1-1: Called Strike 1-2: Strikes out swinging, 2-3 out at first.
|
Batting: RHB Jeff O'Day
|
0-0: Ball 1-0: Ball 2-0: Called Strike 2-1: Ball 3-1: Fly out, F8 (Flyball, 8RD)
|
Top of the 8th over - 0 runs, 0 hits, 0 errors, 0 left on base; Maryland 8 - Washington State 6 |
BOTTOM OF THE 8TH |
Washington State Cougars batting - Pitching for Maryland Terrapins : LHP John Peters
|
Batting: RHB Joe Lowe
|
0-0: Called Strike 0-1: Called Strike 0-2: Strikes out swinging
|
Batting: RHB Ernest Richter
|
0-0: Called Strike 0-1: Ball 1-1: DOUBLE (Line Drive, 78D)
|
Batting: RHB Alfonso Sánchez
|
0-0: Ball 1-0: Ground out 6-3 (Groundball, 6)
|
Batting: LHB Andrew Guerrero
|
0-0: Ball 1-0: Fly out, F4 (Popup, 4)
|
Bottom of the 8th over - 0 runs, 1 hit, 0 errors, 1 left on base; Maryland 8 - Washington State 6 |
TOP OF THE 9TH |
Maryland Terrapins batting - Pitching for Washington State Cougars : RHP Juan Domínguez
|
Pitching: RHP Victor Kocher
|
|
Batting: RHB José Lazu
|
0-0: Foul Ball, location: 2F 0-1: Called Strike 0-2: Ball 1-2: Strikes out swinging
|
Batting: LHB Charlie Johnston
|
0-0: Ball 1-0: Ball 2-0: Called Strike 2-1: Called Strike 2-2: Ball 3-2: Foul Ball, location: 2F 3-2: Foul Ball, location: 2F 3-2: Foul Ball, location: 2F 3-2: SINGLE (Groundball, 4MD)
|
Batting: RHB Kris Brown
|
0-0: Ball 1-0: Ball 2-0: Ball 3-0: Called Strike 3-1: Called Strike 3-2: Base on Balls Charlie Johnston to second
|
Batting: RHB Les McCarty
|
0-0: Ball 1-0: Ball 2-0: Ball 3-0: Base on Balls Charlie Johnston to third Kris Brown to second
|
Batting: LHB Michael Wilson
|
0-0: Ball 1-0: Called Strike 1-1: Foul Ball, location: 2F 1-2: Grounds into fielders choice 4-2 (Groundball, 34D) Kris Brown to third Les McCarty to second
|
Batting: RHB Mike Weeks
|
0-0: Ground out 4-3 (Groundball, 34)
|
Top of the 9th over - 0 runs, 1 hit, 0 errors, 3 left on base; Maryland 8 - Washington State 6 |
BOTTOM OF THE 9TH |
Washington State Cougars batting - Pitching for Maryland Terrapins : LHP John Peters
|
Batting: RHB Charlie Owens
|
0-0: Ball 1-0: Ball 2-0: Ball 3-0: Base on Balls
|
Batting: LHB Sergio Molina
|
0-0: DOUBLE (Line Drive, 9LM) Charlie Owens to third
|
Batting: RHB Riley Lewis
|
0-0: Foul Ball, location: 2F 0-1: Swinging Strike 0-2: Ball 1-2: Fly out, F9 (Flyball, 9D)
|
Batting: SHB Jorge Castaneda
|
0-0: Fly out, F7 (Flyball, 78S) Runner from 3rd tags up, SCORES, no throw
|
Batting: LHB Bob Hayes
|
0-0: Swinging Strike 0-1: Fly out, F4 (Line Drive, 4)
|
Bottom of the 9th over - 1 run, 1 hit, 0 errors, 1 left on base; Maryland 8 - Washington State 7 |
|